Cogmind - Beta 15 @@@ ROGUE MODE // 2025.08.10 @ 01:58:04 Player: shapeshifter Result: Destroyed by as-83486 with Assembled F-torch Performance ------------- Evolutions (1) 500 Regions Visited (3) 600 Robots Destroyed (17) 85 Value Destroyed (380) 380 Prototype IDs (1) 20 Alien Tech Used (0) 0 Bonus (0) 0 TOTAL SCORE: 1585 Bonus ------- None Cogmind --------- Core Integrity 0/400 Matter 300/300 Energy 100/100 System Corruption 1% Temperature Cool (21) Movement Flying (40) Location -9/Mines Parts ------- > --- POWER (1) -------- (None) > --- PROPULSION (3) --- Improved Flight Unit > --- UTILITY (3) ------ Light Armor Plating > --- WEAPON (2) ------- (None) > --- INVENTORY (5) ---- Medium Storage Unit Peak State ------------ > --- POWER ------------ Ion Engine > --- PROPULSION ------- Light Treads Light Treads Light Treads > --- UTILITY ---------- Small Storage Unit Structural Scanner Seismic Detector > --- WEAPON ----------- Small Laser Grenade Launcher > --- INVENTORY -------- Light Ion Engine Compact Wheel Compact Wheel Improved Terrain Scanner Light Armor Plating Light Armor Plating [Rating: 9] Favorites ----------- Power Ion Engine Engine Ion Engine Propulsion Light Treads Treads Light Treads Wheel Compact Wheel Flight Unit Improved Flight Unit Utility Small Storage Unit Device Seismic Detector Storage Small Storage Unit Protection Light Armor Plating Weapon EM Pulse Gun Energy Gun EM Pulse Gun Launcher Grenade Launcher Build | -11 -10 -9 -9 ------- Run | Yrd Mat Mat Min Slots Evolved 2 | . . 2 . Power . | . . . . Propulsion 1 | . . 1 . Utility 1 | . . 1 . Weapon . | . . . . Parts Attached 21 | 7 1 11 2 Power 2 | 1 . 1 . Engine 2 | 1 . 1 . Core . | . . . . Reactor . | . . . . Propulsion 7 | 2 . 5 . Treads 4 | 2 . 2 . Leg . | . . . . Wheel 2 | . . 2 . Hover . | . . . . Flight 1 | . . 1 . Utility 8 | 2 . 4 2 Device 3 | 1 . 2 . Storage 2 | 1 . . 1 Processor . | . . . . Hackware . | . . . . Protection 3 | . . 2 1 Artifact . | . . . . Weapon 4 | 2 1 1 . Energy Gun 3 | 2 1 . . Energy Cannon . | . . . . Ballistic Gun . | . . . . Ballistic Cannon . | . . . . Launcher 1 | . . 1 . Special Weapon . | . . . . Impact Weapon . | . . . . Slashing Weapon . | . . . . Piercing Weapon . | . . . . Special Melee Weapon . | . . . . Unidentified Prototypes 1 | . . 1 . Parts Lost 15 | . 1 14 . Power 2 | . . 2 . Propulsion 5 | . . 5 . Utility 4 | . . 4 . Weapon 4 | . 1 3 . Highest Loss Streak 9 | . 1 9 . To Critical Strikes . | . . . . Average Backups 4 | 4 7 4 . Power . | . 1 . . Propulsion 1 | 2 2 1 . Utility 1 | . 2 2 . Weapon . | . 1 . . Tool/Special . | . . . . Unused Backups 4 | . 4 . . Power . | . . . . Propulsion 4 | . 4 . . Utility . | . . . . Weapon . | . . . . Tool/Special . | . . . . Average Slot Usage (%) 70 | . 99 70 13 Engine 8 | . 14 8 . Treads 19 | . 28 19 . Wheel 1 | . . 3 . Flight 2 | . . . 11 Device 12 | . 14 14 . Storage 9 | . 14 10 . Protection 1 | . . 1 2 Energy Gun 13 | . 27 9 . Launcher 1 | . . 2 . Peak Build Rating 9 | 7 8 9 5 Average Rating 6 | 5 7 6 3 On Entrance 4 | . 7 7 3 Naked Turns 11 | . . 11 . Heaviest Build 16 | 15 15 16 3 Greatest Support 60 | 40 40 60 5 Greatest Overweight (x) . | . . . . Average Overweight (x) . | . . . . Largest Inventory Capacity 10 | 8 8 8 10 Average Capacity 7 | 7 8 7 5 Most Carried 8 | 8 8 8 2 Average Carried 4 | 4 7 4 . Final Capacity 8 | 8 8 5 5 Final Carried 7 | 7 7 . 1 Class Distribution -------------------- 100% | Mutant Dominant Class ---------------- Mutant | -10/Materials Mutant | -9/Materials Mutant | -9/Mines Resources | -11 -10 -9 -9 ----------- Run | Yrd Mat Mat Min Matter Collected 402 | 248 27 89 38 Remotely . | . . . . Salvage Created 449 | 35 159 255 . Parts 37 | 7 11 19 . Haulers Intercepted . | . . . . Recyclers Shooed 1 | 1 . . . Parts Field Recycled . | . . . . Retrieved Matter . | . . . . Parts Self-Destructed . | . . . . Prevented . | . . . . Kills | -11 -10 -9 -9 ------- Run | Yrd Mat Mat Min Combat Hostiles Destroyed 14 | . 5 9 . Guns 9 | . 5 4 . AOE 5 | . . 5 . Classes Destroyed 5 | 1 3 1 . Tunneler 2 | 2 . . . Watcher 1 | . 1 . . Swarmer 7 | . 3 4 . Grunt 5 | . 2 3 . Sentry 2 | . . 2 . Best Kill Streak 6 | 1 6 4 . Combat Bots Only 5 | . 5 4 . Max Kills in Single Turn 4 | 1 1 4 . Gunslinging . | . . . . Exploded 4 | . . 4 . Melee . | . . . . Uniques/NPCs Destroyed . | . . . . Combat | -11 -10 -9 -9 -------- Run | Yrd Mat Mat Min Hostile Shots Fired 232 | . 27 186 19 Missed 72 | . 3 57 12 Hits 160 | . 24 129 7 Projectile 160 | . 24 129 7 AOE 1 | . . . 1 Critical Strikes 2 | . . 2 . Damage Taken 1693 | . 224 1355 114 Core 419 | . 12 322 85 Absorbed by Shields . | . . . . Core Remaining (%) 97 | 100 95 . . Volleys Fired 53 | 3 13 37 . Largest 2 | 2 2 2 . Hottest 80 | 80 80 80 . Shots Fired 72 | 6 23 43 . Gun 67 | 6 23 38 . Cannon . | . . . . Launcher 5 | . . 5 . Special . | . . . . Kinetic . | . . . . Thermal 38 | . 1 37 . Explosive 5 | . . 5 . Electromagnetic 29 | 6 22 1 . Robot Hit Streak 10 | 4 3 10 . Robot Miss Streak 5 | . 5 4 . Penetration Max . | . . . . Secondary Targets . | . . . . Shots Hit Robots 40 | 4 9 27 . Core Hits 27 | 3 7 17 . Critical Kills . | . . . . Critical Parts Destroyed . | . . . . Critical Strikes . | . . . . Melee Attacks . | . . . . Impact . | . . . . Slashing . | . . . . Piercing . | . . . . Sneak Attacks . | . . . . Combat Hostiles . | . . . . Follow-up Attacks . | . . . . Damage Inflicted 778 | 52 187 539 . Guns 487 | 52 150 285 . Cannons . | . . . . Explosions 256 | . 37 219 . Melee . | . . . . Ramming 35 | . . 35 . Kinetic . | . . . . Thermal 333 | . 48 285 . Explosive 219 | . . 219 . Electromagnetic 191 | 52 139 . . Impact . | . . . . Slashing . | . . . . Piercing . | . . . . Highest Corruption 1 | . . 1 1 Average Corruption 1 | . . 1 1 Corruption Purged . | . . . . Corruption Blocked . | . . . . Effects 5 | . . 2 3 Message Errors 2 | . . . 2 Matter Fused 1 | . . 1 . Energy Discharges 1 | . . . 1 Parts Rejected 1 | . . 1 . Overload Shots . | . . . . Overflow Damage 33 | . 7 26 . Projectiles . | . . . . Explosions 33 | . 7 26 . Melee . | . . . . Knockbacks . | . . . . Impact . | . . . . Kinetic . | . . . . Secondary . | . . . . Self-Inflicted Damage 20 | . . 20 . Shots 1 | . . 1 . Rammed 27 | . . 27 . Targets Rammed 27 | . . 27 . Kicked . | . . . . Crushed . | . . . . Highest Temperature 192 | 18 192 138 . Average Temperature 58 | 12 88 42 . Received Heat Transfer 629 | . 54 555 20 Siege Activations . | . . . . Martial Activations . | . . . . Shielding Activations . | . . . . Robots Disrupted . | . . . . Combat Hostiles . | . . . . Robots Corrupted . | . . . . Combat Hostiles . | . . . . Parts Fried . | . . . . Impact Corruptions . | . . . . Robots Melted . | . . . . Combat Hostiles . | . . . . Parts Melted . | . . . . Heat Transferred 725 | . 75 650 . Parts Sabotaged . | . . . . Parts Stolen . | . . . . Parts Stripped . | . . . . Power Chain Reactions 1 | . 1 . . Alert | -11 -10 -9 -9 ------- Run | Yrd Mat Mat Min Maximum Alert Level . | . . . . Low Security (%) 100 | 100 100 100 100 Level 1 . | . . . . Level 2 . | . . . . Level 3 . | . . . . Level 4 . | . . . . Level 5 . | . . . . High Security . | . . . . Max Security . | . . . . Peak Influence 181 | 5 100 181 33 Initial 36 | . . 36 33 Average 39 | . 15 77 17 Influence Increases 581 | 10 130 396 45 Destroy 0b10 Robot/C 280 | . 100 180 . Destroy 0b10 Robot/NC 15 | 10 5 . . Destroy Leader 62 | . 22 40 . Successful Hack 35 | . . 35 . Disable Machine 30 | . . 30 . Destroy Structure 39 | . 3 36 . Partial Spotted 15 | . . . 15 Lose Combat Pursuer 105 | . . 75 30 Influence Decreases 566 | 10 43 396 117 Entered New Map 105 | . . 51 54 Time Decay 311 | 10 33 205 63 Lost Part 150 | . 10 140 . Squads Dispatched 2 | . 1 1 . Investigation 1 | . . 1 . Extermination . | . . . . Reinforcement 1 | . 1 . . Assault . | . . . . Garrison . | . . . . Intercept . | . . . . Searches Triggered . | . . . . Construction Impeded . | . . . . Haulers Reinforced . | . . . . Active Scanning Responses . | . . . . Cargo Convoy Interrupts . | . . . . Stealth | -11 -10 -9 -9 --------- Run | Yrd Mat Mat Min Distress Signals 5 | . 1 4 . Communications Jammed . | . . . . Distress Signals . | . . . . Times Spotted 44 | . 9 23 12 Peak Tracking Total 7 | . 6 7 5 Tactical Retreats 3 | . . 2 1 Traps | -11 -10 -9 -9 ------- Run | Yrd Mat Mat Min Traps Triggered . | . . . . Indirectly . | . . . . Trap Hack Attempts . | . . . . Triggered . | . . . . Disarmed . | . . . . Reprogrammed . | . . . . Reused . | . . . . Traps Extracted . | . . . . Installed . | . . . . Triggered . | . . . . Machines | -11 -10 -9 -9 ---------- Run | Yrd Mat Mat Min Machines Disabled 2 | . . 2 . Max in Single Turn 1 | . . 1 . Machines Repaired . | . . . . Machines Dismantled . | . . . . Machines Sabotaged . | . . . . Overloaded Fab Kills . | . . . . Hacking | -11 -10 -9 -9 --------- Run | Yrd Mat Mat Min Machines Accessed 6 | . 3 3 . Terminals 6 | . 3 3 . Fabricators . | . . . . Repair Stations . | . . . . Recycling Units . | . . . . Scanalyzers . | . . . . Garrison Access . | . . . . Total Hacks 14 | . 9 5 . Successful 5 | . 2 3 . Failed 9 | . 7 2 . Catastrophic 2 | . 1 1 . Database Lockouts . | . . . . Manual 7 | . 6 1 . Terminals 14 | . 9 5 . Fabricators . | . . . . Repair Stations . | . . . . Recycling Units . | . . . . Scanalyzers . | . . . . Garrison Access . | . . . . Terminal Hacks 4 | . 1 3 . Branch Access Points 1 | . . 1 . Zone Layout 3 | . 1 2 . Fabricator Hacks . | . . . . Repair Station Hacks . | . . . . Recycling Unit Hacks . | . . . . Scanalyzer . | . . . . Garrison Access Hacks . | . . . . Unauthorized Hacks 1 | . 1 . . Terminals 1 | . 1 . . Botnet 1 | . 1 . . Fabricators . | . . . . Repair Stations . | . . . . Recycling Units . | . . . . Scanalyzers . | . . . . Garrison Access . | . . . . Data Cores Recovered . | . . . . Used . | . . . . Hacking Detections 5 | . 3 2 . Full Trace Events 4 | . 3 1 . Feedback Events 1 | . . 1 . Corruption 1 | . . 1 . Feedback Blocked . | . . . . Robot Schematics Acquired . | . . . . Robots Built . | . . . . Authchips . | . . . . Time . | . . . . Total Robot Build Rating . | . . . . Part Schematics Acquired . | . . . . Parts Built . | . . . . Authchips . | . . . . Time . | . . . . Total Part Build Rating . | . . . . Parts Repaired . | . . . . Time . | . . . . Parts Recycled . | . . . . Recycled Matter . | . . . . Retrieved Matter . | . . . . Retrieved Components . | . . . . Parts Scanalyzed . | . . . . Part Schematics Acquired . | . . . . Parts Damaged . | . . . . Bothacking | -11 -10 -9 -9 ------------ Run | Yrd Mat Mat Min Used RIF Installer . | . . . . Robots Hacked . | . . . . Non-combat . | . . . . Combat . | . . . . Robot Hacks Applied . | . . . . Relay Couplers Released . | . . . . Fabnet Peak Effective % . | . . . . Robots Rewired . | . . . . Allies Hacked . | . . . . Hacks Repelled . | . . . . Allies | -11 -10 -9 -9 -------- Run | Yrd Mat Mat Min Total Allies . | . . . . Largest Group . | . . . . Highest-Rated Group . | . . . . Highest-Rated Ally . | . . . . Total Orders . | . . . . Ally Attacks . | . . . . Total Damage . | . . . . Kills . | . . . . Allies Corrupted . | . . . . Allies Melted . | . . . . Intel | -11 -10 -9 -9 ------- Run | Yrd Mat Mat Min Active Infowar (turns) 735 | 15 312 408 . Terrain 74 | . . 74 . Structural 289 | . . 289 . Seismic 581 | 15 312 254 . Robot Analysis Total . | . . . . Derelict Logs Recovered 2 | . . . 2 Drone Launches . | . . . . Drone Recoveries . | . . . . Exploration | -11 -10 -9 -9 ------------- Run | Yrd Mat Mat Min Turns Passed 1051 | 141 312 446 152 Spaces Moved 870 | 75 168 259 368 Core 21 | 7 . 14 . Treads 362 | 68 168 126 . Legs . | . . . . Wheels 89 | . . 89 . Hover . | . . . . Flight 398 | . . 30 368 Fastest Speed 40 | 50 160 40 40 Average Speed 96 | 149 160 119 40 Slowest Speed 160 | 160 160 160 40 Overloaded Moves . | . . . . Propulsion Burnouts . | . . . . Robots Hopped 5 | . . 1 4 Potential Cave-ins . | . . . . Cave-ins Triggered . | . . . . Exploration Rate (%) 40 | 5 34 44 79 Regions Visited 3 Branch Regions 1 Pre-discovered Areas 2 | . . . 2 Known Exits Taken 1 | . . 1 . Unknown Exits Taken 2 | 1 1 . . Scrap Searched 1 | . . . 1 Spaces Dug 7 | . . 7 . Terrain Destroyed 41 | . 3 38 . Melee . | . . . . Projectile . | . . . . AOE 41 | . 3 38 . Terrain Rammed . | . . . . Walls Destroyed . | . . . . Machines Disabled . | . . . . Actions | -11 -10 -9 -9 --------- Run | Yrd Mat Mat Min Total 994 | 98 190 337 369 Wait . | . . . . Move 858 | 74 167 256 361 Hop 4 | . . 1 3 Pick Up 24 | 14 5 3 2 Fast Attach 1 | . . 1 . Attach 19 | 7 1 9 2 Detach 1 | . . . 1 Swap 1 | . . 1 . Drop 6 | . 4 2 . Fire 53 | 3 13 37 . Melee . | . . . . Ram 5 | . . 5 . Kick . | . . . . Crush 22 | . . 22 . Escape Stasis . | . . . . Rewire . | . . . . Trap . | . . . . Miscellaneous . | . . . . Route ------- -11/Scrapyard -10/Materials (discovered 2 exits: *Mat / [*Min]) -9/Materials (discovered 4 exits: [*Mat x2] / *Min x2) -9/Mines (discovered 2 exits: [*Mat x2]) History --------- Turn | Location | Event 32 | -11/Scrapyard | Discovered new exit (range 15) 142 | -11/Scrapyard | Entered Materials 307 | -10/Materials | Build established: Mutant 317 | -10/Materials | Discovered new exit (range 13) 412 | -10/Materials | Discovered new exit (range 9) 454 | -10/Materials | Entered another Materials area 454 | -9/Materials | Evolved 2 slots: Propulsion x1, Utility x1 653 | -9/Materials | Identified exit to Mines 814 | -9/Materials | Lost 9 parts (1p3n3u2w) 814 | -9/Materials | Discovered new exit (range 16) 855 | -9/Materials | Discovered new exit (range 16) 877 | -9/Materials | Core integrity fell below 50% 890 | -9/Materials | Core integrity fell below 20% 900 | -9/Materials | Entered Mines 907 | -9/Mines | Lost 4 parts (1p2n1u) 934 | -9/Mines | Assembled infested the area 937 | -9/Mines | Discovered new exit (range 13) 939 | -9/Mines | Assisted by a Guerilla fighting off Assembled 976 | -9/Mines | Learned location of Storage (-8) 989 | -9/Mines | Discovered new exit (range 6) 1029 | -9/Mines | Learned Materials security intel 1052 | -9/Mines | Destroyed by as-83486 with Assembled F-torch Last Messages --------------- numbers, and I suggest you do the same." 00987_ ND-M3F(g) slips back into the shadows. 00989_ EXIT=FOUND 01000_ YENK>>4UJG5U EIYWSXAS 5WOKH 01003_ K-01 Serf collects debris. 01009_ Searching scrap... 01009_ Found Hcp. Matter Pod. 01009_ Found Lgt. Armor Plating. 01009_ Found Lgt. Treads. 01009_ Found ECM Suite. 01009_ Found 63 Matter. 01010_ Acquired 18 matter. 01010_ Acquired Lgt. Armor Plating. 01026_ 82PS,N7CQW=R:QO>UFONG77&ISVR9SXGO 01029_ Acquired derelict log, extracted data. Data stored: Materials security intel. 01038_ Acquired 12 matter. 01041_ Acquired 8 matter. 01049_ as-10267 destroyed. 01051_ The unstable cave ceiling collapses. Map ----- +----------------------------------------------------+ | ##??#### #?????????????????????????? | | #??# #?????????????????????????? | | #??# #?????????????????????????? | | #??# ##?????????????????????????? | | #??# #??????????????????????????? | | #??# ## #??????????????????????????? | | #?## ## #??????????????????????????? | | ##?# ## #??????????????????????????? | | #### ### ###????????????????????????? | | ## ##?# ##???????????????????????? | | ##??# #?????? #???????????????? | | ##???## #?????? ##?????????????? | | ##?????# #??????< ##????????????? | | ##??????# ##????? ???????????? | | ##???????# #???## ???????????? | | ##????????## #???# ????????????? | | ###??????????## #??? % ?????????????? | | ?????????????## #??? #?????????????? | | ????????????## #???? ??????????????? | | ???????????## #???? ???????????????? | | ???????????# ##### ##??????????????? | | ???????????# ## #% ##?????????????? | | ???????????## # ## ##???????????? | | ????????????## ### # # #???????????? | | ?????????????## ### ] # # #???????????? | | ??????????????## a a% @ #???????????? | | ???????????????## # = #???????????? | | ????????????????###### # ###?????????? | | ?????????????????????## # a #?????????? | | ??????????????????????# a # ####???????? | | ??????????????????????### # # # ###?????? | | ????????????????????????# s % #?????? | | ????????????????????????# # # #?????? | | ????????????????????????# # # ## #?????? | | ????????????????????????## ## ### #?????? | | ?????????????????????????###?##"s## #?????? | | ??????????????????????????????## ##????? | | ???????????????????????????????##% ##???? | | ??????????????????????########### ##??? | | ##???????????????###### #??? | | ################# !% #??? | | %! % ########## ##??? | | !%= = #####????????## ##???? | | ##### ######### ##????????????####????? | | ###???# #???????## ####?????????????????? | | #?????# #????????# ##????????????????? | | #?????# ########?# #????????????????? | | #?????# #?## ##???????????????? | | ##?????######## #??## #???????????????? | | ??????????????# #???## #???????????????? | +----------------------------------------------------+ Best States ------------- Heat Dissipation 28 Energy Generation 10 Energy Capacity 250 Matter Stores 300 Matter Capacity 300 Sight Range 16 Terrain Scan Range 16 Terrain Scan Density 10 Armor Coverage 150 Evasion (%) 62 Recoil Reduction 3 Item Schematics ----------------- None Robot Schematics ------------------ None Fabricated ------------ Nothing Repaired ---------- Nothing Alien Tech Used ----------------- None Achievements -------------- None Challenges ------------ None Game ------ Seed MagneticParticleTelecube Manual? 0 Play Time 00:11:40 Cumulative 124.8 hours Start 2025.08.10 @ 01:48:14 End 2025.08.10 @ 01:58:04 Sessions 1 Manual Loads 0 Difficulty Rogue Special Mode None Game No. 218 Rogue 218 Adventurer 0 Explorer 0 Win Type - Total 2 Types 1/0/1/0/0/0/0/0/0/0 Lore% 71 Gallery% 67 Achievement% 48 Wizard Run 0 Options --------- Layout 1 ASCII 0 Keyboard 0 Movement Mouse Keybinds 0 Fullscreen 1 Font 24/Smallcaps Map View 50x40 Zoom Use 0% Tactical HUD 1 Map Filters NONE Filters NONE Steam 1 RUN: 85bb0926-51a7-4d0a-9086-cee12d9ed32a